 Dungeon Crawl Stone Soup version 0.30.0-15-g856e2d3f33 (webtiles) character file.

Game seed: 1419032896594879574

73 bubby the Trooper (level 4, -3/49 HPs)
             Began as an Ogre Fighter on May 19, 2023.
             Slain by a gnoll
             ... wielding a +0 spear
              (5 damage)
             ... on level 2 of the Dungeon.
             The game lasted 00:04:07 (1637 turns).

bubby the Trooper (Ogre Fighter)                    Turns: 1637, Time: 00:04:08

Health: -3/49      AC:  3    Str: 22    XL:     4   Next: 27%
Magic:  4/4        EV:  9    Int:  9    God:
Gold:   76         SH:  7    Dex:  8    Spells: 3/3 levels left

rFire   . . .        a - +0 war axe
rCold   . . .        c - +0 kite shield
rNeg    + . .        b - +0 robe
rPois   .            (helmet restricted)
rElec   .            (no cloak)
rCorr   .            (gloves unavailable)
SInv    .            (boots unavailable)
Will    .....        (no amulet)
Stlth   +            m - ring of positive energy
HPRegen 0.28/turn    (no ring)
MPRegen 0.09/turn

%: no passive effects
@: no status effects
A: large, unfitting armour, tough skin 1
a: no special abilities


You were on level 2 of the Dungeon.
You visited 1 branch of the dungeon, and saw 2 of its levels.

You collected 76 gold pieces.

Inventory:

Hand Weapons
 a - a +0 war axe (weapon)
Missiles
 l - 17 stones (quivered)
Armour
 b - a +0 robe (worn)
 c - a +0 kite shield (worn)
Jewellery
 m - a ring of positive energy (left hand)
Scrolls
 j - 2 scrolls of teleportation {unknown}
 n - 2 scrolls of identify {unknown}
 o - a scroll of enchant armour {unknown}
Potions
 d - a potion of might
 e - 2 potions of heal wounds {unknown}
 f - a potion of berserk rage {unknown}
 g - 2 potions of curing {unknown}
 i - 2 potions of brilliance {unknown}


   Skills:
 + Level 4.8 Fighting
 + Level 2.8 Axes
 + Level 3.2 Dodging
 + Level 3.5 Shields


You had 3 spell levels left.
You didn't know any spells.
Your spell library was empty.

Dungeon Overview and Level Annotations

Branches:
Dungeon (2/15)

Altars:

Annotations:
D:2 Jessica


Innate Abilities, Weirdness & Mutations

You are too large for most types of armour.
You have tough skin. (AC +1)


Message History

The hobgoblin is almost dead.
The hobgoblin hits you but does no damage.
The hobgoblin hits you.
You slash the hobgoblin!
You kill the hobgoblin!
You slash the gnoll! You block the gnoll's attack.
The gnoll hits you with a +0 flail!
You hit the gnoll.
The gnoll is severely wounded.
The gnoll hits you from afar with a +0 halberd.
The gnoll barely misses you. The gnoll hits you with a +0 flail.
The gnoll hits you from afar with a +0 halberd.
You closely miss the gnoll.
The gnoll is severely wounded.
You block the gnoll's attack. x2
You hit the gnoll.
The gnoll is almost dead.
The gnoll closely misses you.
A gnoll comes into view. It is wielding a +0 spear.
The gnoll hits you with a +0 flail! The gnoll barely misses you.
You block the gnoll's attack.
You closely miss the gnoll.
The gnoll is almost dead.
The gnoll hits you from afar with a +0 halberd!
* * * LOW HITPOINT WARNING * * *
The gnoll barely misses you.
You hit the gnoll.
You kill the gnoll!
You block the gnoll's attack.
The gnoll hits you from afar with a +0 spear!
* * * LOW HITPOINT WARNING * * *
The gnoll hits you from afar with a +0 halberd.
* * * LOW HITPOINT WARNING * * *
This is a scroll of acquirement!
Something appears at your feet! You block the gnoll's attack. x2
As you read the scroll labelled AZIECRA HOSTRI, it crumbles to dust.
It is a scroll of amnesia.
You feel forgetful for a moment. The gnoll barely misses you.
The gnoll hits you from afar with a +0 spear.
You die...

## ..# #.# #.# #.# #.
######.############# #
#.###.......g).........#### #
#.....# #..g.@...........# #
#.....# #.###...#..##.##.# #
#.....####.###.#....##.##.### #
#..........##..###...#......# #
#.#.#.).........#..#........###
#.................###..........
#...#.####...#......#.......#.#
##...#.# #..#.#####..........##
#......# #..### #.##..###.##


You could see 2 gnolls.

Vanquished Creatures
  3 gnolls
  An adder (D:2)
  A worm (D:2)
  6 endoplasms
  A giant cockroach (D:1)
  2 goblins
  7 hobgoblins
  4 kobolds (D:1)
  A quokka (D:2)
  2 ball pythons (D:1)
  A frilled lizard (D:2)
  A rat (D:2)
30 creatures vanquished.

Notes
Turn   | Place    | Note
-------+----------+-------------------------------------------
     0 | D:1      | bubby the Ogre Fighter began the quest for the Orb.
     0 | D:1      | Reached XP level 1. HP: 24/24 MP: 1/1
   209 | D:1      | Reached XP level 2. HP: 31/32 MP: 2/2
   939 | D:1      | Reached XP level 3. HP: 30/40 MP: 3/3
  1555 | D:2      | Reached XP level 4. HP: 49/49 MP: 4/4
  1613 | D:2      | Noticed Jessica
  1635 | D:2      | HP: 1/49 [gnoll/+0 halberd (3)]
  1636 | D:2      | Identified a scroll of acquirement
  1636 | D:2      | Acquired a +2 heavy broad axe
  1637 | D:2      | Slain by a gnoll

Illustrated notes

Levels and vault maps discovered:
D:1:      lemuel_arrival_room, layout_loops_corners, minmay_misc_feat_encased
D:2:      layout_loops_ring, grunt_ministairs_6, minmay_pentomino_r2,
          uniq_jessica

Skill      XL: |  1  2 |
---------------+-------+-----
Dodging        | 3 |  3.2
Fighting       | |  4.8
Axes           | |  2.8
Shields        | |  3.5

Action                     |  1- 3 |  4- 6 || total
---------------------------+-------+-------++-------
  Melee: War axe           |    83 |    16 ||    99
  Throw: Stone             |     1 |       ||     1
    Use: Scroll            |       |     2 ||     2
 Armour: Robe              |    19 |     5 ||    24
  Dodge: Dodged            |    34 |     7 ||    41
  Block: Kite shield       |    30 |    11 ||    41
